Map: Abyssal Reef LE

Players

Moosehead - Winner!

  • Race: Protoss Protoss
  • League: Platinum
  • Spawn Location: 11:00

Condog

  • Race: Zerg Zerg
  • League: Gold
  • Spawn Location: 5:00

VOD

Have the link to the VOD?

Description

ZvP for analysis

Time

  • Played on: Jan. 13, 2018, 8:24 a.m.
  • Length: 14:00
Show
View Real Time Build Order
Export as new Build Order

Moosehead Protoss - Winner!

Build Orders: Oracle Opening 

Get SALT Encoding   

  12  0:01  Probe  
  13  0:13  Probe  
  14  0:22  Pylon  
  14  0:33  Probe (Chrono Boost)  
  16  0:44  Gateway, Probe (Chrono Boost)  
  16  0:49  Probe (Chrono Boost)  
  16  0:50  Assimilator  
  16  0:56  Assimilator  
  17  0:59  Probe  
  18  1:11  Probe  
  19  1:18  Pylon  
  19  1:23  Probe  
  20  1:33  Cybernetics Core  
  20  1:35  Probe (Chrono Boost)  
  20  1:38  Zealot  
  24  1:47  Probe (Chrono Boost)  
  24  1:53  Probe (Chrono Boost)  
  25  1:57  Pylon  
  25  2:02  Probe  
  26  2:12  Stargate  
  26  2:19  Zealot  
  26  2:21  Probe (Chrono Boost)  
  30  2:30  Probe (Chrono Boost)  
  30  2:35  Probe (Chrono Boost)  
  30  2:37  Warp Gate  
  30  2:43  Gateway  
  31  2:45  Gateway  
  31  2:47  Probe  
  32  2:56  Zealot  
  34  2:59  Probe  
  35  3:11  Probe  
  36  3:14  Oracle (Chrono Boost)  
  37  3:28  Zealot  
  39  3:41  Stalker  
  39  4:07  Oracle  
  39  4:24  Pylon  
  39  4:33  Pylon  
  39  4:42  Stalker, Probe (Chrono Boost)  
  44  4:47  Adept  
  44  4:48  Adept  
  47  4:54  Probe (Chrono Boost)  
  47  5:00  Probe (Chrono Boost)  
  48  5:08  Probe  
  49  5:15  Oracle  
  52  5:23  Adept  
  54  5:32  Nexus  
  54  5:35  Gateway  
  54  5:38  Forge  
  54  5:50  Pylon  
  54  5:54  Pylon  
  43  6:33  Zealot x2  
  45  6:48  Photon Cannon  
  45  6:50  Photon Cannon  
  45  6:53  Photon Cannon  
  45  6:55  Shield Battery  
  45  6:57  Photon Cannon  
  45  7:00  Photon Cannon  
  45  7:01  Photon Cannon  
  45  7:03  Assimilator, Probe (Chrono Boost)  
  46  7:09  Stalker  
  46  7:10  Zealot x3  
  46  7:13  Probe (Chrono Boost)  
  55  7:17  Twilight Council  
  55  7:18  Probe (Chrono Boost)  
  55  7:19  Robotics Facility  
  56  7:29  Probe  
  57  7:41  Probe  
  58  8:00  Zealot x2  
  58  8:01  Charge (Chrono Boost), Zealot x2  
  66  8:08  Immortal  
  70  8:18  Pylon  
  70  8:30  Pylon  
  70  8:38  Stalker x3  
  70  8:39  Stalker  
  78  8:43  Immortal  
  82  8:57  Pylon  
  82  8:59  Pylon  
  82  9:01  Pylon  
  82  9:09  Zealot x2  
  86  9:20  Templar Archives  
  86  9:27  Zealot x2  
  90  9:31  Stalker x2  
  94  9:39  Gateway  
  94  9:40  Nexus  
  94  9:44  Robotics Bay  
  94  10:00  Stalker  
  94  10:01  Stalker x3  
  102  10:09  Protoss Ground Weapons Level 1  
  102  10:11  Probe (Chrono Boost)  
  103  10:16  Assimilator  
  103  10:20  Probe (Chrono Boost)  
  105  10:23  Probe (Chrono Boost)  
  105  10:25  Probe (Chrono Boost)  
  106  10:30  Disruptor (Chrono Boost)  
  106  10:31  Gateway  
  106  10:33  Probe  
  110  10:44  Pylon  
  110  10:46  Pylon  
  110  10:52  Probe x2  
  110  10:53  Pylon  
  110  10:56  Pylon  
  112  10:59  Disruptor (Chrono Boost)  
  115  11:09  Sentry x2  
  115  11:10  Sentry x2  
  123  11:14  Sentry  
  125  11:23  Probe (Chrono Boost)  
  126  11:28  Disruptor (Chrono Boost)  
  130  11:33  Probe (Chrono Boost)  
  130  11:35  Stalker x3  
  130  11:36  Stalker  
  130  11:38  Probe (Chrono Boost)  
  139  11:50  Probe  
  139  11:52  Disruptor (Chrono Boost)  
  105  12:17  Stalker x4  
  111  12:42  Pylon  
Show
View Real Time Build Order
Export as new Build Order

Condog Zerg 

Build Orders: Pool First 

Get SALT Encoding   

  12  0:07  Overlord  
  12  0:13  Drone  
  13  0:19  Drone  
  14  0:26  Drone  
  15  0:31  Drone  
  16  0:40  Drone  
  17  0:47  Spawning Pool  
  16  0:51  Drone  
  17  1:19  Drone x2  
  17  1:20  Hatchery  
  17  1:21  Extractor  
  17  1:28  Drone  
  18  1:34  Queen  
  18  1:38  Drone  
  21  1:46  Overlord  
  21  2:04  Zergling x2  
  22  2:10  Queen  
  24  2:22  Zergling x4  
  26  2:27  Metabolic Boost  
  26  2:31  Queen  
  26  2:36  Drone x2  
  30  3:02  Overlord, Drone x5  
  34  3:22  Hatchery  
  33  3:27  Drone x3  
  33  3:28  Overlord  
  36  3:49  Drone x7  
  36  3:53  Spore Crawler  
  32  4:10  Zergling x14  
  32  4:15  Spore Crawler  
  37  4:24  Drone x2  
  37  4:29  Roach Warren  
  38  4:58  Zergling x18  
  47  5:12  Evolution Chamber  
  44  5:14  Evolution Chamber  
  45  5:21  Roach x2  
  45  5:22  Queen, Roach x2  
  53  5:34  Overlord x2  
  53  5:41  Spore Crawler, Zerg Missile Weapons Level 1  
  52  5:58  Queen  
  39  6:36  Zergling x2  
  39  6:37  Drone, Overlord, Zergling x2  
  39  6:38  Drone x5  
  47  6:42  Zerg Ground Armor Level 1  
  47  6:47  Extractor  
  47  6:50  Extractor  
  47  6:51  Queen x2  
  51  7:00  Lair  
  49  7:05  Drone x5  
  54  7:27  Drone x8  
  54  7:28  Drone  
  63  7:30  Overlord  
  60  7:52  Drone x11  
  69  8:12  Drone  
  70  8:17  Hydralisk Den  
  70  8:18  Zerg Missile Weapons Level 2  
  69  8:27  Extractor  
  69  8:28  Zergling x2  
  69  8:29  Zergling x24  
  69  8:31  Overlord  
  81  8:39  Pneumatized Carapace  
  81  8:58  Hydralisk x4  
  81  9:01  Overlord x3  
  89  9:19  Hydralisk, Zergling x6  
  89  9:20  Hydralisk x3, Zergling x4  
  89  9:23  Hatchery  
  101  9:27  Zerg Melee Weapons Level 1  
  101  9:44  Baneling Nest  
  100  9:46  Zergling x2  
  100  9:47  Zergling x24  
  113  10:26  Overlord x8  
  113  10:27  Overlord  
  113  10:37  Extractor  
  112  10:44  Lurker Den, Hydralisk x5  
  112  10:46  Centrifical Hooks  
  121  10:53  Baneling x9  
  121  10:56  Zergling x6  
  124  11:03  Queen  
  126  11:07  Drone x6  
  132  11:12  Baneling x6  
  132  11:39  Queen  
  134  11:45  Hydralisk x8  
  134  11:46  Zergling x8  
  111  12:16  Hydralisk  
  111  12:17  Hydralisk x6  
  111  12:18  Zergling x2  
  114  12:27  Hydralisk x2  
  114  12:28  Hydralisk  
  120  12:36  Baneling  
  120  12:37  Baneling x2  
  110  12:53  Extractor  
  74  13:05  Zergling x2  
  74  13:06  Zergling x28  
  85  13:26  Baneling x8  
  83  13:28  Hydralisk x6  
  83  13:29  Hydralisk  
Tags
 
Add a new tag
Caveats
  • Supply blocks, unpowered buildings, or Contaminate may cause inaccurate times.
  • Supply counts are checked every 10 seconds.